 Dungeon Crawl Stone Soup version 0.30-a0-930-gb9d0489357 (webtiles) character file.

Game seed: 13950796804069526755

2726 lunkers the Basher (level 10, -2/83 HPs)
             Began as a Meteoran Reaver on Mar 23, 2023.
             Was a Priest of Okawaru.
             Slain by an ogre
             ... wielding a +0 halberd
              (4 damage)
             ... in a bailey.
             The game lasted 00:14:56 (3985 turns).

lunkers the Basher (Meteoran Reaver)                Turns: 3985, Time: 00:14:57

Health: -2/83      AC: 10    Str: 18    XL:     10   Next: 18%
Magic:  14/15      EV: 14    Int: 15    God:    Okawaru [***...]
Gold:   313        SH:  0    Dex: 13    Spells: 13/14 levels left

rFire   + . .      SeeInvis +    x - +0 flail
rCold   . . .      Faith    .    (no shield)
rNeg    . . .      Spirit   .    t - +0 scale mail
rPois   .          Reflect  .    (no helmet)
rElec   .          Rampage  .    (no cloak)
rCorr   .                        f - +0 pair of gloves
Will    +....                    (no boots)
Stlth   +                        n - amulet of regeneration
HPRegen 1.13/turn                i - ring of protection from fire
MPRegen 0.14/turn                A - ring of see invisible

@: heroic, glowing, studying Evocations
A: sense surroundings 2, otherworldly, glowing, explore regen
a: Renounce Religion, Heroism


You were in a bailey.
You worshipped Okawaru.
Okawaru was most pleased with you.
You visited 2 branches of the dungeon, and saw 9 of its levels.
You also visited: Bailey.

You collected 313 gold pieces.

Inventory:

Hand Weapons
 a - a +0 mace
 x - a +0 flail (weapon)
 B - a +0 whip of freezing
 C - a +1 mace
Missiles
 q - 5 curare-tipped darts
Armour
 f - a +0 pair of gloves (worn)
 t - a +0 scale mail (worn)
Magical Staves
 h - a staff of air
 l - a staff of conjuration
 s - a staff of fire
Jewellery
 i - a ring of protection from fire (left hand)
 n - an amulet of regeneration (around neck)
 A - a ring of see invisible (right hand)
Wands
 u - a wand of flame (4)
Scrolls
 c - 2 scrolls of poison
 m - a scroll of immolation
Potions
 d - 2 potions of magic {unknown}
 e - 2 potions of brilliance
 g - 2 potions of mutation
 j - 2 potions of resistance {unknown}
 k - 2 potions of invisibility
 o - a potion of haste
 r - a potion of flight {unknown}
 v - 2 potions of curing {unknown}
 z - a potion of cancellation {unknown}


   Skills:
 + Level 6.2(11.2) Fighting
 - Level 12.0(17.0) Maces & Flails
 + Level 4.9(9.9) Armour
 + Level 6.7(11.7) Dodging
 - Level 2.6 Spellcasting
 - Level 3.6 Conjurations
 - Level 5.0 Invocations


You had 13 spell levels left.
You knew the following spells:

 Your Spells              Type           Power      Damage    Failure   Level
p - Kiss of Death         Conj/Necr      28%        2d7       26%         1

Your spell library contained the following spells:

 Spells                   Type           Power      Damage    Failure   Level
 Momentum Strike          Conj/Tloc      14%        3d8       36%         2
 Apportation              Tloc           4%         N/A       47%         1
 Necrotise                Necr           8%         1d4       47%         1
 Hailstorm                Conj/Ice       7%         3d4       61%         3
 Sublimation of Blood     Necr           2%         N/A       63%         2
 Wereblood                Tmut           2%         N/A       63%         2
 Confusing Touch          Hex            2%         N/A       85%         3
 Dispel Undead            Necr           2%         3d7       99%         4
 Summon Small Mammal      Summ           Unusable   N/A       N/A         1
 Summon Hydra             Summ           Unusable   N/A       N/A         7

Dungeon Overview and Level Annotations

Branches:
Dungeon (8/15) Zot: 1075   Temple (1/1) D:4 Zot: 442  Bailey (1/1) Zot: 575
   Lair: D:8-11

Altars:
Cheibriados
Dithmenos
Elyvilon
Gozag
Hepliaklqana
Makhleb
Nemelex Xobeh
Okawaru
Qazlal
Sif Muna
Trog
Uskayaw
Vehumet
Wu Jian
Xom
Yredelemnul
Zin
The Shining One

Shops:
D:6 :

Annotations:
D:5 1 transporter, kenny's ghost, novice DECj
D:8 Erica


Innate Abilities, Weirdness & Mutations

You passively map the area around you.
You are easily found by Zot.
You glow in the dark.
You regain HP and MP as you explore.


Message History

The ogre shouts!
The ogre closely misses you.
You gain the combat prowess of a mighty hero.
Okawaru will no longer gift you throwing weapons.
An ogre comes into view. It is wielding a +0 halberd.
The spriggan hits you from afar with a +0 spear.
The ogre hits you with a +0 halberd!
The ogre hits you from afar with a +0 halberd!
The ogre shouts!
You hit the ogre but do no damage.
The spriggan hits you from afar with a +0 spear!
* * * LOW HITPOINT WARNING * * *
You bludgeon the ogre!!
The ogre is severely wounded.
The ogre misses you.
The ogre hits you from afar with a +0 halberd!
* * * LOW HITPOINT WARNING * * *
You hit the ogre but do no damage.
The ogre is heavily wounded.
The spriggan closely misses you.
You sock the ogre!
You kill the ogre!
Okawaru accepts your kill.
Okawaru will now gift you throwing weapons as you gain piety.
The spriggan hits you from afar with a +0 spear.
* * * LOW HITPOINT WARNING * * *
The ogre misses you.
Your life force feels restored.
The ogre hits you from afar with a +0 halberd.
* * * LOW HITPOINT WARNING * * *
The spriggan hits you but does no damage.
You sock the ogre!
The ogre is moderately wounded.
The ogre hits you from afar with a +0 halberd!!
* * * LOW HITPOINT WARNING * * *
You barely miss the ogre.
The ogre is moderately wounded.
The spriggan hits you but does no damage.
The ogre barely misses you. The ogre hits you with a +0 halberd.
You die...

, , ,
,#..~~~......#
, , , ~
#..~~~......#
, ,* ~
#..~~~......#
, , *
♣..~~~..∩...#
, ,
##..###.....##
* , , , ##..##
#.....# ,, ,,
,#♣..##
##...## *
..#######..##
##.##
#....O.@..##
###
##...OiO)##
#########


You could see 3 ogres and a spriggan.

Vanquished Creatures
  Pikel (D:8)
  Sigmund (D:3)
  A steam dragon (D:7)
  Duvessa (D:7)
  A water moccasin (D:6)
  A sky beast (D:7)
  An ice beast (D:6)
  3 ogres
  4 lemures (D:8)
  Blork the orc (D:5)
  A kobold brigand (D:7)
  3 bullfrogs
  2 scorpions
  3 wights (D:8)
  Dowan (D:7)
  A howler monkey (D:6)
  4 hounds
  2 jellies
  3 orc priests
  Jessica (D:3)
  4 iguanas
  4 orc wizards
  2 gnolls (D:7)
  9 adders
  A white imp (D:6)
  2 ufetubi
  2 worms (D:2)
  A dart slug (D:2)
  18 orcs
  3 bats
  7 endoplasms
  2 giant cockroaches
  2 hobgoblins
  A quokka (D:5)
  3 ball pythons
  A frilled lizard (D:2)
  6 goblins
  6 kobolds
  5 rats
115 creatures vanquished.

Notes
Turn   | Place    | Note
-------+----------+-------------------------------------------
     0 | D:1      | lunkers the Meteoran Reaver began the quest for the Orb.
     0 | D:1      | Reached XP level 1. HP: 17/17 MP: 5/5
   204 | D:1      | Reached XP level 2. HP: 15/24 MP: 6/6
   320 | D:1      | Reached skill level 5 in Maces & Flails
   336 | D:2      | Reached XP level 3. HP: 19/29 MP: 8/8
   355 | D:2      | Reached XP level 4. HP: 9/35 MP: 7/9
   364 | D:2      | Reached skill level 6 in Maces & Flails
   446 | D:2      | Identified the +0 robe "Gekelef" {Will- Str+8 Stlth-}
   702 | D:3      | Noticed Jessica
   707 | D:3      | Killed Jessica
   708 | D:3      | Reached XP level 5. HP: 14/38 MP: 10/10
   768 | D:3      | Reached skill level 7 in Maces & Flails
   975 | D:3      | Noticed Sigmund
   984 | D:3      | Killed Sigmund
   985 | D:3      | Reached skill level 9 in Maces & Flails
   985 | D:3      | Reached XP level 6. HP: 23/48 MP: 7/11
   985 | D:3      | Reached XP level 7. HP: 26/55 MP: 7/12
  1179 | D:4      | Found a staircase to the Ecumenical Temple.
  1200 | Temple   | Entered the Ecumenical Temple
  1323 | Temple   | Became a worshipper of Warmaster Okawaru
  1425 | D:4      | Reached skill level 10 in Maces & Flails
  1776 | D:5      | Entered Level 5 of the Dungeon
  1810 | D:5      | Noticed a toenail golem
  1892 | D:5      | Noticed Blork the orc
  1914 | D:5      | Killed Blork the orc
  1914 | D:5      | Reached * piety under Okawaru
  1915 | D:5      | Reached skill level 11 in Maces & Flails
  1915 | D:5      | Reached XP level 8. HP: 19/59 MP: 13/13
  2252 | D:5      | Reached skill level 1 in Invocations
  2284 | D:5      | HP: 3/61 [scorpion (5)]
  2437 | D:5      | Found a transporter.
  2440 | D:5      | Noticed kenny's ghost (novice DECj)
  2584 | D:6      | Found Ockekuow's Self-Improvement Boutique.
  2664 | D:6      | Reached ** piety under Okawaru
  2665 | D:6      | Gained mutation: You passively map the area around you.
                  | [Meteoran growth]
  2665 | D:6      | Reached XP level 9. HP: 53/70 MP: 14/14
  2793 | D:6      | Found a sparkling altar of Nemelex Xobeh.
  2829 | D:6      | HP: 1/71 [ogre/+0 giant spiked club (37)]
  2912 | D:6      | Reached skill level 12 in Maces & Flails
  3276 | D:7      | Noticed Dowan
  3297 | D:7      | Noticed Duvessa
  3306 | D:7      | Killed Duvessa
  3307 | D:7      | Reached skill level 1 in Armour
  3319 | D:7      | Killed Dowan
  3381 | D:7      | Reached skill level 5 in Dodging
  3381 | D:7      | Reached skill level 5 in Invocations
  3491 | D:7      | Found a burning altar of Makhleb.
  3713 | D:7      | Reached skill level 5 in Fighting
  3743 | D:7      | Identified the +1 falchion of the Lamprey {heavy, Will+}
  3790 | D:8      | Noticed Pikel
  3839 | D:8      | Killed Pikel
  3840 | D:8      | Reached XP level 10. HP: 51/83 MP: 15/15
  3891 | D:8      | Reached *** piety under Okawaru
  3910 | D:8      | Noticed Erica
  3939 | D:8      | Found a flagged portal.
  3961 | Bailey   | Entered a bailey
  3984 | Bailey   | HP: 1/83 [ogre/+0 halberd (20)]
  3985 | Bailey   | Slain by an ogre

Illustrated notes

Levels and vault maps discovered:
D:1:      amcnicky_arrival_blooded_trapdoor, layout_loops_cross,
          nrook_mini_vaults, minmay_vboxes
D:2:      layout_basic
D:3:      kennysheep_goblin_castle, layout_basic,
          mainiacjoe_overflow_tiny_flanked, ebering_ghost_reflecting_pool,
          uniq_jessica, uniq_sigmund
D:4:      layout_loops_ring, minmay_temple_entry_sparse_star,
          ebering_ghost_gozag, uniq_crazy_yiuf_cottage
D:5:      layout_cave_pods, fedhas_altar_1, gammafunk_ghost_abyssal_escape,
          uniq_blork_the_orc
D:6:      layout_basic, mainiacjoe_overflow_chevrons, nicolae_shop_self_help
D:7:      layout_layer_cave, lemuel_crystal_altar, kennysheep_generic_room_12,
          uniq_duvessa
D:8:      layout_loops_ring, nicolae_kikubaaqudgha_miasma_corner, serial_shops,
          shop, enter_bailey_3, minivault_26, uniq_pikel, uniq_amaemon,
          uniq_erica
Temple:   nicolae_temple_superstar
Bailey:   bailey_polearm_enchanted_keep_hellmonk, bailey

Skill      XL: |  1  2  3  4  5  6  7  8  9 10 |
---------------+-------------------------------+-----
Maces & Flails | 5 6 9 11 12 | 12.0
Invocations    | 3 5 |  5.0
Dodging        | 3 6 |  6.7
Fighting       | 3 5 6 |  6.2
Armour         | 4 |  4.9
Spellcasting   | |  2.6
Conjurations   | |  3.6

Action                     |  1- 3 |  4- 6 |  7- 9 | 10-12 || total
---------------------------+-------+-------+-------+-------++-------
  Melee: Mace              |    52 |   113 |   255 |       ||   420
         Punch             |     1 |     2 |     6 |     1 ||    10
         Flail             |       |       |   126 |    47 ||   173
   Cast: Kiss of Death     |     1 |     4 |     5 |       ||    10
 Invoke: Heroism           |       |       |     4 |     1 ||     5
  Evoke: Wand              |       |       |     8 |       ||     8
    Use: Scroll            |       |       |    12 |     2 ||    14
         Potion            |       |       |     3 |       ||     3
 Armour: Leather armour    |    22 |    21 |    60 |       ||   103
         Scale mail        |       |       |    39 |    22 ||    61
  Dodge: Dodged            |    25 |    48 |   156 |    28 ||   257

Table legend: (Time is in decaauts)
 A = Elapsed time spent in this place.
 B = Non-inter-level travel time spent in this place.
 C = Inter-level travel time spent in this place.
 D = Time resting spent in this place.
 E = Time spent auto-exploring this place.
 F = Levels seen in this place.
 G = Mean time per level.
                   A        B        C        D        E       F      G
               +--------+--------+--------+--------+--------+-----+--------+
         Total |   3906 |   3638 |    268 |      0 |   2439 |  10 |  390.6 |
       Dungeon |   3724 |   3507 |    217 |      0 |   2353 |   8 |  465.5 |
        Temple |    157 |    106 |     51 |      0 |     73 |   1 |  157.0 |
        Bailey |     24 |     24 |      0 |      0 |     13 |   1 |   24.0 |
               +--------+--------+--------+--------+--------+-----+--------+

Top non-repeatable levels by time:
     D:5: 722 daAuts
     D:7: 620 daAuts
     D:6: 593 daAuts
     D:4: 591 daAuts
     D:2: 365 daAuts
     D:3: 336 daAuts
     D:1: 335 daAuts
     D:8: 159 daAuts
  Temple: 157 daAuts
  Bailey: 24 daAuts
